NWL (28 & UNDER)
MENLO MANIACS @ SAN DIEGO SMASHERS
04/17/2026
 
TOP OF THE 1ST
Menlo Maniacs batting - Pitching for San Diego Smashers : LHP John Lawson
Pitching: LHP John Lawson
Batting: RHB Robert Downing 0-0: Called Strike
0-1: Ball
1-1: Called Strike
1-2: Fly out, F8 (Flyball, 8RM)
Batting: RHB Steve Sampson 0-0: Called Strike
0-1: Called Strike
0-2: Ball
1-2: Ball
2-2: Ball
3-2: Foul Ball, location: 2F
3-2: Foul Ball, location: 2F
3-2: Strikes out swinging
Batting: RHB Daryl Floyd 0-0: Ball
1-0: Ball
2-0: Called Strike
2-1: Reached on error, E5 (Groundball, 5S)
Batting: LHB Arthur Hall 0-0: Called Strike
0-1: Ball
1-1: Foul Ball, location: 2F
1-2: SINGLE (Groundball, 4MD)
Daryl Floyd to third
Runner from 3rd tries for Home, SAFE, no throw or cutoff
Batting: LHB Paul Alexander 0-0: Called Strike
Arthur Hall is caught stealing 2nd base
Top of the 1st over - 1 run(s), 1 hit(s), 1 error(s), 0 left on base; Menlo 1 - San Diego 0
BOTTOM OF THE 1ST
San Diego Smashers batting - Pitching for Menlo Maniacs : LHP Phil Davis
Pitching: LHP Phil Davis
Batting: RHB John Bryant 0-0: Called Strike
0-1: Ball
1-1: Ball
2-1: Foul Ball, location: 2F
2-2: Ground out 1-3 (Groundball, 15)
Batting: LHB Karl Hill 0-0: Called Strike
0-1: Swinging Strike
0-2: Foul Ball, location: 2F
0-2: Ball
1-2: Foul Ball, location: 2F
1-2: Ball
2-2: SINGLE (Line Drive, 8LS)
Batting: RHB Phil White 0-0: Swinging Strike
0-1: Foul Ball, location: 2F
Balk!
Karl Hill to second
0-2: Strikes out looking
Batting: RHB Marty Hendrickson 0-0: Called Strike
0-1: Foul Ball, location: 2F
0-2: Strikes out swinging
Bottom of the 1st over - 0 run(s), 1 hit(s), 0 error(s), 1 left on base; Menlo 1 - San Diego 0
TOP OF THE 2ND
Menlo Maniacs batting - Pitching for San Diego Smashers : LHP John Lawson
Batting: LHB Paul Alexander 0-0: Foul Ball, location: 2F
0-1: Ball
1-1: Ball
2-1: Ground out 4-3 (Groundball, 4)
Batting: LHB Pedro Rodríguez 0-0: Ball
1-0: SINGLE (Line Drive, 4MD)
Batting: RHB David Strickland 0-0: Ball
1-0: Foul Ball, location: 2F
1-1: Ball
Pedro Rodríguez is caught stealing 2nd base
2-1: Ball
3-1: Swinging Strike
3-2: Strikes out swinging
Top of the 2nd over - 0 run(s), 1 hit(s), 0 error(s), 0 left on base; Menlo 1 - San Diego 0
BOTTOM OF THE 2ND
San Diego Smashers batting - Pitching for Menlo Maniacs : LHP Phil Davis
Batting: RHB Jorge Collazo 0-0: Called Strike
0-1: Foul Ball, location: 2F
0-2: Strikes out looking
Batting: LHB Ramiro Martínez 0-0: Bunted foul
0-1: Ball
1-1: Ball
2-1: Fly out, F7 (Flyball, 7LM)
Batting: LHB Francisco Medina 0-0: SINGLE (Line Drive, 78M)
Batting: RHB Gilberto Guzmán 0-0: Fielders Choice at 2nd, U6 (Groundball, 6M)
Bottom of the 2nd over - 0 run(s), 1 hit(s), 0 error(s), 1 left on base; Menlo 1 - San Diego 0
TOP OF THE 3RD
Menlo Maniacs batting - Pitching for San Diego Smashers : LHP John Lawson
Batting: RHB Jesús Cuevas 0-0: Called Strike
0-1: Foul Ball, location: 2F
0-2: Strikes out swinging
Batting: LHB Marcos Pérez 0-0: Called Strike
0-1: Ball
1-1: Ball
2-1: Swinging Strike
2-2: Strikes out swinging
Batting: RHB Robert Downing 0-0: Swinging Strike
0-1: Ball
1-1: Called Strike
1-2: Fly out, F4 (Line Drive, 4)
Top of the 3rd over - 0 run(s), 0 hit(s), 0 error(s), 0 left on base; Menlo 1 - San Diego 0
BOTTOM OF THE 3RD
San Diego Smashers batting - Pitching for Menlo Maniacs : LHP Phil Davis
Batting: RHB Ryan Cates 0-0: Ball
1-0: Called Strike
1-1: Foul Ball, location: 2F
1-2: Strikes out swinging
Batting: RHB John Bryant 0-0: Foul Ball, location: 2F
0-1: Fly out, F6 (Popup, 56D)
Batting: LHB Karl Hill 0-0: Called Strike
0-1: Swinging Strike
0-2: Ball
1-2: Ground out 6-3 (Groundball, 6)
Bottom of the 3rd over - 0 run(s), 0 hit(s), 0 error(s), 0 left on base; Menlo 1 - San Diego 0
TOP OF THE 4TH
Menlo Maniacs batting - Pitching for San Diego Smashers : LHP John Lawson
Batting: RHB Steve Sampson 0-0: Ball
1-0: Foul Ball, location: 2F
1-1: Swinging Strike
1-2: Foul Ball, location: 2F
1-2: Ball
2-2: SINGLE (Groundball, 15) (infield hit)
Batting: RHB Daryl Floyd 0-0: Ball
1-0: Ball
2-0: Swinging Strike
2-1: Foul Ball, location: 2F
2-2: SINGLE (Line Drive, 34D)
Steve Sampson to second
Batting: LHB Arthur Hall 0-0: Ball
1-0: Ball
2-0: Ball
3-0: Called Strike
3-1: Called Strike
3-2: Base on Balls
Steve Sampson to third
Daryl Floyd to second
Batting: LHB Paul Alexander 0-0: Ball
1-0: Called Strike
1-1: Ball
2-1: Ball
3-1: Swinging Strike
3-2: Foul Ball, location: 2F
3-2: SINGLE (Groundball, 6MD)
Steve Sampson scores
Daryl Floyd to third
Arthur Hall to second
Runner from 3rd tries for Home, SAFE, no throw or cutoff
Batting: LHB Pedro Rodríguez 0-0: Ball
1-0: Called Strike
1-1: Foul Ball, location: 2F
1-2: Strikes out swinging
Batting: RHB David Strickland 0-0: Called Strike
0-1: Fly out, F8 (Flyball, 8RXD)
Runner from 2nd tags up, SAFE at 3rd, no throw
Batting: RHB Jesús Cuevas 0-0: Ball
1-0: Swinging Strike
1-1: Called Strike
1-2: Strikes out swinging
Top of the 4th over - 2 run(s), 3 hit(s), 0 error(s), 2 left on base; Menlo 3 - San Diego 0
BOTTOM OF THE 4TH
San Diego Smashers batting - Pitching for Menlo Maniacs : LHP Phil Davis
Batting: RHB Phil White 0-0: Ball
1-0: Called Strike
1-1: Called Strike
1-2: Foul Ball, location: 2F
1-2: Fly out, F8 (Flyball, 8LXD)
Batting: RHB Marty Hendrickson 0-0: Ball
1-0: Ball
2-0: Called Strike
2-1: Ball
3-1: Base on Balls
Batting: RHB Jorge Collazo 0-0: Swinging Strike
0-1: Foul Ball, location: 2F
0-2: Strikes out looking
Batting: LHB Ramiro Martínez Pickoff Throw to First - Error! E1
Marty Hendrickson to second
0-0: Called Strike
0-1: Foul Ball, location: 2F
0-2: Strikes out swinging
Bottom of the 4th over - 0 run(s), 0 hit(s), 1 error(s), 1 left on base; Menlo 3 - San Diego 0
TOP OF THE 5TH
Menlo Maniacs batting - Pitching for San Diego Smashers : LHP John Lawson
Now at 2B: Adrián Nieto
Batting: LHB Marcos Pérez 0-0: Called Strike
0-1: Ball
1-1: Ball
2-1: Ball
3-1: Fly out, F8 (Popup, 6MD)
Batting: RHB Robert Downing 0-0: Ball
1-0: Foul Ball, location: 2F
1-1: Foul Ball, location: 2F
1-2: Strikes out swinging
Batting: RHB Steve Sampson 0-0: Ball
1-0: Called Strike
1-1: Ground out 5-3 (Groundball, 5D)
Top of the 5th over - 0 run(s), 0 hit(s), 0 error(s), 0 left on base; Menlo 3 - San Diego 0
BOTTOM OF THE 5TH
San Diego Smashers batting - Pitching for Menlo Maniacs : LHP Phil Davis
Batting: LHB Francisco Medina 0-0: Foul Ball, location: 2F
0-1: Swinging Strike
0-2: Foul Ball, location: 2F
0-2: Fly out, F7 (Flyball, 78XD)
Batting: RHB Gilberto Guzmán 0-0: Ball
1-0: Ground out 5-3 (Groundball, 56)
Batting: RHB Ryan Cates 0-0: Ball
1-0: Ball
2-0: Ball
3-0: Called Strike
3-1: Ground out 6-3 (Groundball, 6)
Bottom of the 5th over - 0 run(s), 0 hit(s), 0 error(s), 0 left on base; Menlo 3 - San Diego 0
TOP OF THE 6TH
Menlo Maniacs batting - Pitching for San Diego Smashers : LHP John Lawson
Pitching: LHP Jesús Martínez
Batting: RHB Daryl Floyd 0-0: Called Strike
0-1: Fly out, F8 (Flyball, 78D)
Batting: LHB Arthur Hall 0-0: Ball
1-0: Swinging Strike
1-1: Ball
2-1: Ball
3-1: Called Strike
3-2: Foul Ball, location: 2F
3-2: Fly out, F7 (Line Drive, 7M)
Batting: LHB Paul Alexander 0-0: Called Strike
0-1: Swinging Strike
0-2: Strikes out swinging
Top of the 6th over - 0 run(s), 0 hit(s), 0 error(s), 0 left on base; Menlo 3 - San Diego 0
BOTTOM OF THE 6TH
San Diego Smashers batting - Pitching for Menlo Maniacs : LHP Phil Davis
Batting: RHB John Bryant 0-0: Called Strike
0-1: Swinging Strike
0-2: Strikes out swinging
Batting: LHB Karl Hill 0-0: Ball
1-0: Ball
2-0: Swinging Strike
2-1: Foul Ball, location: 2F
2-2: Strikes out looking
Batting: RHB Phil White 0-0: Called Strike
0-1: Swinging Strike
0-2: Strikes out swinging
Bottom of the 6th over - 0 run(s), 0 hit(s), 0 error(s), 0 left on base; Menlo 3 - San Diego 0
TOP OF THE 7TH
Menlo Maniacs batting - Pitching for San Diego Smashers : LHP Jesús Martínez
Batting: LHB Pedro Rodríguez 0-0: Ball
1-0: Ground out 6-3 (Groundball, 6)
Batting: RHB David Strickland 0-0: Ground out 1-3 (Groundball, 15)
Batting: RHB Jesús Cuevas 0-0: Ball
1-0: Swinging Strike
1-1: Swinging Strike
1-2: Ball
2-2: Ball
3-2: Strikes out swinging
Top of the 7th over - 0 run(s), 0 hit(s), 0 error(s), 0 left on base; Menlo 3 - San Diego 0
BOTTOM OF THE 7TH
San Diego Smashers batting - Pitching for Menlo Maniacs : LHP Phil Davis
Batting: RHB Marty Hendrickson 0-0: Ball
1-0: Ball
2-0: Ground out 6-3 (Groundball, 6)
Batting: SHB Adrián Nieto 0-0: Called Strike
0-1: Fly out, F4 (Popup, 4D)
Batting: LHB Ramiro Martínez 0-0: Called Strike
0-1: Foul Ball, location: 2F
0-2: Strikes out swinging
Bottom of the 7th over - 0 run(s), 0 hit(s), 0 error(s), 0 left on base; Menlo 3 - San Diego 0
TOP OF THE 8TH
Menlo Maniacs batting - Pitching for San Diego Smashers : LHP Jesús Martínez
Batting: LHB Marcos Pérez 0-0: Swinging Strike
0-1: Foul Ball, location: 2F
0-2: Strikes out looking
Pitching: LHP Raymond Ritchie
Batting: RHB Robert Downing 0-0: SINGLE (Line Drive, 8RS)
Batting: RHB Steve Sampson 0-0: Swinging Strike
0-1: Fly out, F8 (Flyball, 8LS)
Batting: RHB Daryl Floyd 0-0: Called Strike
0-1: Foul Ball, location: 2F
0-2: Foul Ball, location: 2F
0-2: Strikes out swinging
Top of the 8th over - 0 run(s), 1 hit(s), 0 error(s), 1 left on base; Menlo 3 - San Diego 0
BOTTOM OF THE 8TH
San Diego Smashers batting - Pitching for Menlo Maniacs : LHP Phil Davis
Batting: LHB Francisco Medina 0-0: Called Strike
0-1: Ball
1-1: Ball
2-1: Fly out, F9 (Flyball, 89M)
Batting: RHB Gilberto Guzmán 0-0: Ball
1-0: Foul Ball, location: 2F
1-1: Called Strike
1-2: Ball
2-2: DOUBLE (Line Drive, 7LM)
Batting: RHB Ryan Cates 0-0: Foul Ball, location: 2F
0-1: Ball
1-1: Called Strike
1-2: Strikes out swinging
Pitching: RHP Steve Poe
Batting: RHB John Bryant 0-0: Called Strike
0-1: Foul Ball, location: 2F
0-2: Ball
Passed Ball!
Gilberto Guzmán to third
1-2: Ball
2-2: Foul Ball, location: 2F
2-2: Strikes out swinging
Bottom of the 8th over - 0 run(s), 1 hit(s), 0 error(s), 1 left on base; Menlo 3 - San Diego 0
TOP OF THE 9TH
Menlo Maniacs batting - Pitching for San Diego Smashers : LHP Raymond Ritchie
Batting: LHB Arthur Hall 0-0: Ball
1-0: Foul Ball, location: 2F
1-1: Swinging Strike
1-2: Foul Ball, location: 2F
1-2: Foul Ball, location: 2F
1-2: Fly out, F6 (Popup, 15)
Batting: LHB Paul Alexander 0-0: Called Strike
0-1: Ball
1-1: Ball
2-1: Foul Ball, location: 2F
2-2: Ball
3-2: Base on Balls
Batting: LHB Pedro Rodríguez 0-0: Ball
1-0: Ball
2-0: Called Strike
2-1: Swinging Strike
2-2: Fly out, F9 (Flyball, 89M)
Batting: RHB David Strickland 0-0: Ball
1-0: SINGLE (Groundball, 56D) (infield hit)
Paul Alexander to second
Batting: RHB Jesús Cuevas 0-0: Called Strike
0-1: Ball
1-1: Foul Ball, location: 2F
1-2: Strikes out looking
Top of the 9th over - 0 run(s), 1 hit(s), 0 error(s), 2 left on base; Menlo 3 - San Diego 0
BOTTOM OF THE 9TH
San Diego Smashers batting - Pitching for Menlo Maniacs : RHP Steve Poe
Pitching: RHP David Bishop
Batting: LHB Karl Hill 0-0: Ball
1-0: Ball
2-0: DOUBLE (Flyball, 8LM)
Batting: RHB Phil White 0-0: Ball
1-0: Ball
2-0: Ball
3-0: Base on Balls
Batting: RHB Marty Hendrickson 0-0: Swinging Strike
0-1: SINGLE (Groundball, 4MD)
Karl Hill to third
Phil White to second
Runner from 3rd tries for Home, SAFE, no throw or cutoff
Pinch Hitting: RHB Alfredo López 0-0: Foul Ball, location: 2F
0-1: Ball
1-1: Swinging Strike
1-2: Strikes out looking
Batting: LHB Ramiro Martínez 0-0: Ball
1-0: SINGLE (Groundball, 6MD)
Phil White to third
Marty Hendrickson to second
Runner from 3rd tries for Home, SAFE, throw made at trailing runner, OUT at third!
Batting: LHB Francisco Medina 0-0: Foul Ball, location: 2F
0-1: SINGLE (Groundball, 4MD)
Ramiro Martínez to second
Pinch Hitting: RHB Manuel Muńóz 0-0: Ball
1-0: Ball
2-0: Ball
3-0: Called Strike
3-1: Base on Balls
Ramiro Martínez to third
Francisco Medina to second
Pinch Hitting: RHB Fred Ameris 0-0: Ball
1-0: Ground out 5-3 (Groundball, 5S)
Bottom of the 9th over - 2 run(s), 4 hit(s), 0 error(s), 3 left on base; Menlo 3 - San Diego 2
Monday, December 5th, 2016 - OOTP Baseball 17.12 Build 75